 Dungeon Crawl Stone Soup version 0.21-a0-509-gecc5317402 (webtiles) character file.

2928 RaHiT the Basher (level 9, -1/88 (90) HPs)
             Began as an Ogre Gladiator on Nov 30, 2017.
             Was a Follower of the Shining One.
             Slain by a wolf (9 damage)
             ... led by Grum
             ... on level 7 of the Dungeon.
             The game lasted 00:38:35 (11943 turns).

RaHiT the Basher (Ogre Gladiator)                  Turns: 11943, Time: 00:38:35

HP:   -1/88 (90)    AC:  4    Str: 23    XL:     9   Next: 79%
MP:   8/8           EV: 10    Int:  9    God:    the Shining One [*.....]
Gold: 460           SH:  0    Dex: 10    Spells: 8/8 levels left

rFire    . . .     SeeInvis +   a - +0 flail
rCold    . . .     Gourm    .   (no shield)
rNeg     . . .     Faith    .   b - +0 robe
rPois    .         Spirit   .   c - +0 hat
rElec    .         Reflect  .   u - +0 cloak
rCorr    .         Harm     .   (gloves unavailable)
MR       +....                  (boots unavailable)
Stlth    +.........             (no amulet)
HPRegen  0.24/turn              w - ring of protection from magic
MPRegen  0.11/turn              n - ring of see invisible

@: glowing
A: large, unfitting armour, claws 1, hooves 1, frail 1, low mp 1, sense
surroundings 1, tough skin 1, subdued magic 1, MP-powered wands
a: Renounce Religion


You were on level 7 of the Dungeon.
You worshipped the Shining One.
The Shining One was aware of your devotion.
You were not hungry.

You visited 2 branches of the dungeon, and saw 9 of its levels.
You also visited: Sewer.

You collected 460 gold pieces.

Inventory:

Hand Weapons
 a - a +0 flail (weapon)
Missiles
 d - 9 tomahawks (quivered)
Armour
 b - a +0 robe (worn)
 c - a +0 hat (worn)
 u - a +0 cloak (worn)
Jewellery
 n - a ring of see invisible (right claw)
 t - an uncursed ring of protection from cold
 w - a ring of protection from magic (left claw)
 x - an uncursed ring of protection from cold
Scrolls
 g - 2 scrolls of teleportation
 i - a scroll of enchant armour
 j - 2 scrolls of identify
 k - 3 scrolls of remove curse
 l - a scroll of blinking
 o - a scroll of amnesia
 q - 4 scrolls of immolation
 r - 2 scrolls of fog
 s - 2 scrolls of enchant weapon
Potions
 e - 3 potions of flight
 h - a potion of heal wounds
Comestibles
 f - 7 bread rations
 m - 6 meat rations
 p - a fruit
 v - 8 chunks of flesh


   Skills:
 - Level 10.0 Fighting
 * Level 10.2 Maces & Flails
 - Level 2.0 Throwing
 + Level 3.3 Dodging


You had 8 spell levels left.
You didn't know any spells.

Dungeon Overview and Level Annotations

Branches:
Dungeon (8/15)             Temple (1/1) D:5
   Lair: D:8-11

Altars:
Ashenzari
Dithmenos
Elyvilon
Fedhas
Gozag
Hepliaklqana
Kikubaaqudgha
Makhleb
Nemelex Xobeh
Okawaru
Qazlal
Ru
Sif Muna
Trog
Uskayaw
Vehumet
Wu Jian
Xom
Yredelemnul
Zin
The Shining One

Shops:
D:5 :

Annotations:
D:8 Grum, Joseph


Innate Abilities, Weirdness & Mutations

You are too large for most types of armour.
You have tough skin. (AC +1)
You have sharp fingernails.
You have large cloven feet.
You are frail. (-10% HP)
Your magical capacity is low. (-10% MP)
You passively map a small area around you.
Your spells are a little easier to cast, but a little less powerful.
You expend magic power (3 MP) to strengthen your wands.


Message History

You hit the wolf but do no damage. The wolf bites you but does no damage.
The wolf bites you.
* * * LOW HITPOINT WARNING * * *
Okay, then.
You thump the wolf!
The wolf is severely wounded.
The orc hits you but does no damage. The wolf bites you.
* * * LOW HITPOINT WARNING * * *
You hit the wolf but do no damage. You kick the wolf.
The wolf is severely wounded.
The wolf closely misses you. The orc hits you but does no damage.
The wolf closely misses you.
You closely miss the wolf. You kick the wolf, but do no damage.
The wolf is severely wounded.
The wolf barely misses you. The orc hits you with a club.
* * * LOW HITPOINT WARNING * * *
You closely miss the wolf.
The wolf is severely wounded.
The wolf bites you!
You die...

####.# #.# ########### ###.###
#.......... #.....#
#.......... #.....#
#....:..... #.....#
#.......... #.....#
#......(... #.....#
########.......... ###.###
#@o...(........... #.#
#h###.##.......... #.# #.#
#(##........_.
#.###########.###.##..........
#.................##..........
#############......'..........
#...........#.....##........##
#.#########.#.###.##......[.##
##.## #.#.#<#.###########.


You could see a wolf and an orc.

Vanquished Creatures
  A hippogriff (D:8)
  Menkaure (D:5)
  2 orc warriors (D:6)
  A sky beast (D:7)
  2 black bears
  A necrophage (D:7)
  2 phantoms
  2 wolves
  4 centaurs
  An ogre (D:5)
  A big kobold (Sewer)
  2 bullfrogs (D:7)
  2 bullfrog zombies
  2 howler monkeys
  A centaur zombie (D:6)
  A crimson imp (D:5)
  2 hounds (D:7)
  8 orc wizards
  An orc priest (D:3)
  2 bullfrog skeletons
  Jessica (D:2)
  Terence (D:3)
  An iguana (D:6)
  7 worker ants
  A hound zombie (D:3)
  A river rat (Sewer)
  15 adders
  2 shadow imps
  2 oozes
  An adder zombie (D:6)
  A worm (D:2)
  4 dart slugs
  4 leopard geckos
  34 orcs
  6 giant cockroaches
  10 goblins
  10 hobgoblins
  9 jackals
  3 quokkas
  2 ball pythons
  7 bats
  9 frilled lizards
  8 kobolds
  17 rats
195 creatures vanquished.

Vanquished Creatures (others)
  A fungus (D:8)
1 creature vanquished.

Grand Total: 196 creatures vanquished

Notes
Turn   | Place    | Note
-------+----------+-------------------------------------------
     0 | D:1      | RaHiT the Ogre Gladiator began the quest for the Orb.
     0 | D:1      | Reached XP level 1. HP: 22/22 MP: 1/1
   227 | D:1      | Reached XP level 2. HP: 27/29 MP: 2/2
   356 | D:1      | Reached XP level 3. HP: 35/37 MP: 3/3
   906 | D:2      | Found a blossoming altar of Fedhas.
  1106 | D:2      | Reached XP level 4. HP: 41/48 MP: 4/4
  1146 | D:2      | Found a deep blue altar of Sif Muna.
  1179 | D:2      | Found an ornate altar of the Wu Jian Council.
  1192 | D:2      | Found a hazy altar of Hepliaklqana.
  1202 | D:2      | Found a stormy altar of Qazlal.
  1364 | D:2      | Noticed Jessica
  1379 | D:2      | Killed Jessica
  2068 | D:3      | Reached XP level 5. HP: 29/54 MP: 5/5
  2582 | D:3      | Noticed Terence
  2592 | D:3      | Killed Terence
  2759 | D:3      | Reached XP level 6. HP: 53/65 MP: 6/6
  2771 | D:3      | Reached skill level 5 in Maces & Flails
  2810 | D:3      | Reached skill level 5 in Fighting
  4128 | D:4      | You fall through a shaft for 2 floors!
  4144 | D:6      | Reached XP level 7. HP: 57/74 MP: 7/7
  4192 | D:6      | Gained mutation: You are partially covered in iridescent scales. (AC +2) [potion of mutation]
  4192 | D:6      | Gained mutation: You are frail. (-10% HP) [potion of mutation]
  4192 | D:6      | Gained mutation: Your mind is acute. (Int +2) [potion of mutation]
  4389 | D:6      | Found a sparkling altar of Nemelex Xobeh.
  4444 | D:6      | Found a glowing drain.
  4454 | Sewer    | Entered a sewer
  4806 | Sewer    | Found a white marble altar of Elyvilon.
  4931 | D:5      | Entered Level 5 of the Dungeon
  5892 | D:5      | Noticed Menkaure
  5901 | D:5      | Killed Menkaure
  5901 | D:5      | Reached XP level 8. HP: 26/78 MP: 8/8
  5902 | D:5      | Lost mutation: Your mind is acute. (Int +2) [potion of mutation]
  5902 | D:5      | Lost mutation: You are frail. (-10% HP) [potion of mutation]
  5902 | D:5      | Lost mutation: You are partially covered in iridescent scales. (AC +2) [potion of mutation]
  5902 | D:5      | Gained mutation: Your flesh is heat resistant. (rF+) [potion of mutation]
  5902 | D:5      | Gained mutation: You are resistant to hostile enchantments. (MR+) [potion of mutation]
  5903 | D:5      | Lost mutation: You are resistant to hostile enchantments. (MR+) [potion of mutation]
  5903 | D:5      | Lost mutation: Your flesh is heat resistant. (rF+) [potion of mutation]
  5903 | D:5      | Gained mutation: Armour fits poorly on your strangely shaped body. [potion of mutation]
  5903 | D:5      | Gained mutation: Your mind is acute. (Int +2) [potion of mutation]
  5952 | D:5      | Found a staircase to the Ecumenical Temple.
  6353 | Temple   | Entered the Ecumenical Temple
  6576 | Temple   | Became a worshipper of the Shining One
  7416 | D:4      | Found a sacrificial altar of Ru.
  7474 | D:4      | Found a glowing silver altar of Zin.
  7559 | D:5      | Found Daqarenete's Book Shoppe.
  8875 | D:6      | Reached XP level 9. HP: 45/97 MP: 9/9
  9545 | D:7      | Found a blossoming altar of Fedhas.
  9782 | D:7      | Lost mutation: Your mind is acute. (Int +2) [potion of mutation]
  9782 | D:7      | Lost mutation: Armour fits poorly on your strangely shaped body. [potion of mutation]
  9782 | D:7      | Gained mutation: You are frail. (-10% HP) [potion of mutation]
  9782 | D:7      | Gained mutation: You have sharp fingernails. [potion of mutation]
  9782 | D:7      | Gained mutation: You passively map a small area around you. [potion of mutation]
 10138 | D:7      | Gained mutation: You expend magic power (3 MP) to strengthen your wands. [mutagenic meat]
 10139 | D:7      | Gained mutation: You have large cloven feet. [mutagenic meat]
 10140 | D:7      | Gained mutation: Your magical capacity is low. (-10% MP) [mutagenic meat]
 10141 | D:7      | Gained mutation: Your spells are a little easier to cast, but a little less powerful. [mutagenic meat]
 10155 | D:7      | Reached * piety under the Shining One
 10507 | D:8      | Noticed Grum
 10739 | D:8      | Noticed Joseph
 10996 | D:8      | Found a bloodstained altar of Trog.
 11009 | D:7      | Reached skill level 10 in Fighting
 11009 | D:7      | Reached skill level 10 in Maces & Flails
 11213 | D:8      | Found a shadowy altar of Dithmenos.
 11325 | D:8      | Noticed a two-headed ogre
 11943 | D:7      | Slain by a wolf

Vault maps used:
D:1:      doesnt_arrival_eight_statues
D:2:      overflow_temple_1_default, grunt_temple_overflow_cloverleaf,
          first_bread, minmay_hedge_maze, uniq_jessica
D:3:      grunt_decor_mini_mirrors, uniq_terence
D:4:      kennysheep_mini_moat, marbit_many_paths, minivault_24
D:5:      minmay_temple_entry_trees, serial_shops, shop, uniq_menkaure
D:6:      nemelex_xobeh_ov_fountains_minmay, portal_sewer_entry_b
D:7:      basic_altar
D:8:      trog_ov_bears_minmay, slow_altar_1, lemuel_crystal_altar,
          grunt_lair_entry_orc_guard_hut, uniq_grum, uniq_joseph, uniq_pikel
Temple:   minmay_temple_curvy_loop
Sewer:    sewer_kobolds

Skill      XL: |  1  2  3  4  5  6  7  8  9 |
---------------+----------------------------+-----
Fighting       | 3 4 5 7 8 10 | 10.0
Maces & Flails | 3 4 5 7 8 10 | 10.2
Dodging        | 3 |  3.3
Throwing       | |  2.0

Action                   |  1- 3 |  4- 6 |  7- 9 || total
-------------------------+-------+-------+-------++-------
Melee: Flail             |    98 |   231 |   492 ||   821
       Kick              |       |       |    17 ||    17
Throw: Throwing net      |       |     3 |     2 ||     5
       Tomahawk          |       |       |     6 ||     6
  Use: Potion            |       |     2 |    15 ||    17
       Scroll            |       |     5 |     8 ||    13
 Stab: Sleeping          |     1 |       |       ||     1
       Held in net/web   |       |     1 |       ||     1
       Distracted        |       |     1 |       ||     1
  Eat: Chunk             |     1 |    10 |    23 ||    34
       Fruit             |       |       |     7 ||     7
Armor: Robe              |    47 |    44 |    93 ||   184
       Skin              |       |       |    13 ||    13
Dodge: Dodged            |    51 |   107 |   237 ||   395

Table legend:
 A = Spawn XP
 B = Non-spawn XP
 C = Spawn XP percentage of total XP
 D = Spawn monster count
 E = Non-spawn monster count
 F = Spawn count percentage of total count
 G = Total turns spent on level
                    A         B        C        D         E        F      G
               +---------+---------+-------+---------+---------+-------+---------
         Total |       0 |    4183 |   0.0 |       0 |     195 |   0.0 | 11943
               +---------+---------+-------+---------+---------+-------+---------
           D:1 |       0 |      45 |   0.0 |       0 |      23 |   0.0 |   838
           D:2 |       0 |     107 |   0.0 |       0 |      23 |   0.0 |  1128
           D:3 |       0 |     294 |   0.0 |       0 |      41 |   0.0 |  1735
           D:4 |       0 |     210 |   0.0 |       0 |       9 |   0.0 |   730
           D:5 |       0 |     871 |   0.0 |       0 |      33 |   0.0 |  2270
           D:6 |       0 |     707 |   0.0 |       0 |      19 |   0.0 |  1855
           D:7 |       0 |    1231 |   0.0 |       0 |      26 |   0.0 |  2005
           D:8 |       0 |     594 |   0.0 |       0 |       9 |   0.0 |   708
         Sewer |       0 |     124 |   0.0 |       0 |      12 |   0.0 |   427
               +---------+---------+-------+---------+---------+-------+---------
